 Dungeon Crawl Stone Soup version 0.18-a0-1805-g8ab820f (webtiles) character file.

52 warlockg3 the Ducker (level 3, -6/36 HPs)
             Began as a Troll Fighter on Apr 25, 2016.
             Mangled by an ogre
             ... wielding a +0 giant club
              (13 damage)
             ... on level 3 of the Dungeon.
             The game lasted 01:13:45 (1416 turns).

warlockg3 the Ducker (Troll Fighter)                Turns: 1416, Time: 01:13:45

Health: -6/36      AC:  5    Str: 30    XL:     3   Next: 60%
Magic:  2/2        EV:  8    Int:  4    God:
Gold:   82         SH:  9    Dex:  9    Spells: 0 memorised, 2 levels left

rFire  + . .     SeeInvis .       - Unarmed
rCold  . . .     Gourm    +     a - +0 robe
rNeg   . . .     Faith    .     b - +0 shield
rPois  .         Spirit   .     (helmet restricted)
rElec  .         Dismiss  .     (no cloak)
rCorr  .         Reflect  .     (gloves unavailable)
SustAt .         Harm     .     (boots unavailable)
MR     .....                    (no amulet)
Stlth  +.........               (no ring)
                                f - ring of protection from fire

@: mighty, not resistant to hostile enchantments, very unstealthy
A: unfitting armour, claws 3, fast metabolism 3, gourmand, regeneration 2,
shaggy fur 1, tough skin 2
a: no special abilities


You were on level 3 of the Dungeon.
You were very hungry.

You visited 1 branch of the dungeon, and saw 3 of its levels.

You collected 82 gold pieces.

Inventory:

Armour
 a - a +0 robe (worn)
 b - a +0 shield (worn)
Jewellery
 f - a ring of protection from fire (left claw)
Scrolls
 g - 2 scrolls of identify {unknown}
 h - a scroll of remove curse {unknown}
 j - 3 scrolls of teleportation {unknown}
 k - a scroll of enchant weapon {unknown}
 m - a scroll of fear {unknown}
Potions
 c - a potion of might
 e - a potion of degeneration {unknown}
 i - a potion of beneficial mutation {unknown}
Comestibles
 d - a bread ration
 l - a beef jerky


   Skills:
 + Level 2.6 Fighting
 + Level 2.8 Dodging
 + Level 0.1 Stealth
 + Level 2.8 Shields
 + Level 2.7 Unarmed Combat


You had 2 spell levels left.
You didn't know any spells.

Dungeon Overview and Level Annotations

Branches:
Dungeon (3/15)

Altars:
Pakellas


Innate Abilities, Weirdness & Mutations

You are too large for most types of armour.
You have claws for hands.
Your metabolism is lightning-fast.
You like to eat raw meat.
You heal very quickly.
You are covered in fur (AC +1).
You have very tough skin (AC +2).


Message History

The ogre hits you with a giant club!
* * * LOW HITPOINT WARNING * * *
You are too injured to fight recklessly!
You are too injured to fight recklessly!
You are too injured to fight recklessly!
You are too injured to fight recklessly!
You are too injured to fight recklessly!
You are too injured to fight recklessly!
You are too injured to fight recklessly!
You are too injured to fight recklessly!
You are too injured to fight recklessly!
You are too injured to fight recklessly!
You are too injured to fight recklessly!
You are too injured to fight recklessly!
You are too injured to fight recklessly!
You are too injured to fight recklessly!
Drink which item? (? for menu, Esc to quit)
You feel very mighty all of a sudden. The ogre hits you with a giant club!
You die...

.##........s####
.....$.............
#..................
#..................
##............#..#..
.......##...........
#.......#....h......
#.......†..@O......
.#...........>##.#..
..................
.......<..###.[##..
.#.......#.......
#.........####.?.
#........## #..(
##.......# #..
##......#


You could see an ogre, a howler monkey and a giant cockroach (wandering).

Vanquished Creatures
  An adder (D:2)
  A worm (D:2)
  A ball python (D:1)
  3 giant cockroaches
  3 goblins
  5 hobgoblins
  2 jackals (D:1)
  4 bats
  3 giant newts (D:2)
  11 kobolds
  6 rats
40 creatures vanquished.

Vanquished Creatures (others)
  A hippogriff (D:2)
1 creature vanquished.

Grand Total: 41 creatures vanquished

Notes
Turn   | Place    | Note
--------------------------------------------------------------
     0 | D:1      | warlockg3 the Troll Fighter began the quest for the Orb.
     0 | D:1      | Reached XP level 1. HP: 22/22 MP: 0/0
   190 | D:1      | Reached XP level 2. HP: 29/29 MP: 1/1
   749 | D:2      | Reached XP level 3. HP: 36/36 MP: 2/2
  1001 | D:2      | Found an oddly glowing altar of Pakellas.
  1001 | D:2      | Noticed an orange crystal statue
  1002 | D:2      | Noticed a hippogriff
  1015 | D:2      | Killed a hippogriff
  1409 | D:3      | Noticed an ogre
  1416 | D:3      | Mangled by an ogre

Vault maps used:
D:1:      shiori_arrival_oz
D:2:      gammafunk_pakellas_statue_experiment, serial_glass, glass_columns_a,
          glass_columns_b
D:3:      lemuel_coloured_pillars_altar, lemuel_doored_altar

Action                   || total
-------------------------++-------
Melee: Unarmed           ||   117
  Use: Potion            ||     1
 Stab: Sleeping          ||     1
  Eat: Bread ration      ||     2
Armor: Robe              ||    34
Dodge: Dodged            ||    34
Block: Shield            ||    40
